Map: Ruinas de Endión

Players

xXkazperXx

  • Race: Zerg Zerg
  • League: Bronze

RANURA DE IA (Élite) - Winner!

  • Race: Zerg Zerg

VOD

Have the link to the VOD?

Description

Time

  • Played on: April 4, 2016, 12:56 a.m.
  • Length: 8:24
Show
View Real Time Build Order
Export as new Build Order

xXkazperXx Zerg 

Build Orders: Pool First 

Get SALT Encoding   

  12  0:10  Drone  
  12  0:13  Overlord  
  13  0:29  Extractor  
  13  0:34  Spawning Pool  
  11  0:38  Drone  
  12  0:52  Drone x3  
  15  1:07  Drone  
  16  1:21  Queen  
  16  1:25  Drone x2  
  20  1:36  Zergling x2  
  21  1:47  Zergling x2  
  22  1:55  Extractor  
  22  1:58  Drone  
  22  2:14  Overlord  
  22  2:33  Drone x4  
  22  2:36  Overlord  
  26  2:51  Roach Warren, Zergling x2  
  26  3:06  Drone x4  
  26  3:09  Lair  
  30  3:22  Drone  
  31  3:33  Roach  
  33  3:37  Roach x2  
  37  3:42  Metabolic Boost  
  37  3:46  Overlord  
  37  3:51  Overlord  
  37  4:16  Drone x4, Hatchery  
  37  4:17  Drone  
  41  4:21  Tunneling Claws  
  41  4:28  Roach  
  43  4:51  Roach x2  
  47  5:08  Hydralisk Den  
  47  5:13  Burrow  
  46  5:15  Drone  
  46  5:16  Drone x2  
  49  5:27  Pneumatized Carapace  
  49  5:44  Drone, Extractor  
  49  5:45  Drone  
  50  6:01  Spire  
  49  6:10  Queen  
  49  6:11  Infestation Pit  
  50  6:24  Drone x3  
  53  6:26  Drone  
  53  6:27  Drone x5  
  59  6:39  Overlord  
  59  6:58  Extractor  
  59  6:59  Drone  
  59  7:00  Drone x2  
  61  7:04  Hydralisk x2  
  61  7:05  Hydralisk  
  61  7:06  Overlord  
  67  7:22  Drone  
  45  7:45  Zergling x8  
  45  7:46  Zergling x4  
  45  7:47  Zergling x4  
Show
View Real Time Build Order
Export as new Build Order

RANURA DE IA (Élite) Zerg - Winner!

Build Orders: Pool First 

Get SALT Encoding   

  12  0:00  Drone  
  13  0:12  Overlord  
  13  0:17  Drone  
  14  0:30  Drone  
  15  0:39  Spawning Pool  
  15  0:41  Drone  
  15  0:45  Drone  
  16  0:50  Drone  
  16  0:52  Extractor  
  16  0:55  Drone  
  17  1:06  Drone  
  18  1:17  Drone  
  19  1:27  Queen  
  19  1:28  Zergling x2  
  19  1:29  Roach Warren  
  21  1:38  Overlord  
  21  2:00  Hatchery  
  20  2:04  Drone  
  20  2:07  Drone  
  22  2:14  Roach  
  24  2:21  Overlord  
  24  2:32  Roach  
  24  2:34  Roach  
  28  2:38  Roach  
  28  2:44  Roach  
  32  2:49  Roach  
  34  2:56  Overlord  
  34  3:03  Metabolic Boost  
  34  3:07  Zergling x2  
  34  3:10  Zergling x2  
  36  3:14  Zergling x2  
  37  3:20  Zergling x2  
  37  3:25  Zergling x2  
  39  3:28  Zergling x2  
  39  3:31  Zergling x2  
  41  3:35  Drone  
  41  3:37  Extractor  
  41  3:47  Lair  
  41  4:03  Drone  
  41  4:05  Drone  
  41  4:09  Drone  
  44  4:15  Overlord  
  44  4:19  Drone  
  44  4:22  Drone  
  46  4:25  Drone  
  46  4:28  Drone  
  48  4:32  Drone  
  48  4:35  Drone  
  50  4:38  Drone  
  50  4:41  Drone  
  52  4:46  Overlord  
  52  4:49  Drone, Hydralisk Den  
  52  4:52  Drone  
  53  4:54  Drone  
  53  4:57  Drone  
  53  4:59  Drone  
  56  5:01  Drone  
  57  5:08  Drone  
  57  5:10  Drone  
  57  5:12  Drone, Overlord  
  60  5:14  Drone  
  60  5:19  Drone  
  62  5:21  Drone  
  63  5:30  Drone  
  63  5:32  Drone  
  65  5:40  Hydralisk  
  67  5:43  Overlord, Extractor  
  67  5:44  Hydralisk  
  67  5:45  Drone, Roach, Infestation Pit  
  70  5:50  Hydralisk  
  70  5:55  Drone  
  73  6:00  Extractor  
  73  6:02  Drone  
  73  6:04  Evolution Chamber  
  72  6:05  Drone  
  73  6:12  Overlord, Hatchery  
  73  6:16  Drone, Roach  
  73  6:17  Drone x2  
  77  6:23  Drone  
  78  6:28  Drone  
  79  6:34  Drone  
  79  6:39  Overlord  
  80  6:45  Drone, Evolution Chamber  
  80  6:47  Infestor  
  80  6:48  Drone  
  80  6:49  Roach, Evolution Chamber  
  80  6:50  Drone  
  85  6:55  Drone  
  86  7:01  Drone  
  86  7:06  Drone  
  88  7:11  Overlord, Overseer  
  88  7:16  Infestor  
  88  7:18  Ravager  
  88  7:19  Spire  
  88  7:20  Drone  
  88  7:22  Overseer  
  91  7:25  Drone x2  
  91  7:26  Drone x2  
  91  7:27  Drone  
  96  7:34  Extractor  
  96  7:35  Drone  
  96  7:36  Drone  
  93  7:38  Drone  
  91  7:45  Drone  
  91  7:46  Extractor  
  91  7:47  Drone, Spine Crawler  
  91  7:49  Drone  
  92  7:51  Drone, Roach  
  92  7:52  Drone  
  92  7:56  Drone  
  96  7:59  Drone  
  96  8:00  Zergling x2  
  96  8:04  Spine Crawler  
  96  8:07  Drone  
  96  8:10  Drone  
Tags
 
Add a new tag
Caveats
  • Supply blocks, unpowered buildings, or Contaminate may cause inaccurate times.
  • Supply counts are checked every 10 seconds.